 Seeded DCSS version 0.29.1-1-gd02db6906a (webtiles) character file.

Game seed: 3204461630680759211 (custom seed)

91 GigaChad the Trooper (level 4, -5/41 HPs)
             Began as a Minotaur Fighter on Oct 5, 2022.
             Slain by a lemure (6 damage)
             ... led by Pikel
             ... on level 4 of the Dungeon.
             The game lasted 00:03:53 (1966 turns).

GigaChad the Trooper (Minotaur Fighter)             Turns: 1966, Time: 00:03:57

Health: -5/41      AC: 18    Str: 23    XL:     4   Next: 34%
Magic:  3/3        EV:  6    Int:  5    God:
Gold:   486        SH:  4    Dex:  9    Spells: 3/3 levels left

rFire   . . .      SeeInvis .   n - +6 eveningstar (protect)
rCold   . . .      Faith    .   c - +0 buckler
rNeg    . . .      Spirit   .   g - +0 plate armour
rPois   +          Reflect  .   l - +0 hat of Truth {rPois Slay+5}
rElec   .          Harm     .   (no cloak)
rCorr   .          Rampage  .   (no gloves)
Will    .....                   (no boots)
Stlth   ..........              (no amulet)
HPRegen 0.13/turn               (no ring)
MPRegen 0.08/turn               (no ring)

@: under a protective aura
A: horns 2, retaliatory headbutt
a: no special abilities


You were on level 4 of the Dungeon.
You visited 1 branch of the dungeon, and saw 4 of its levels.

You collected 986 gold pieces.
You spent 500 gold pieces at shops.

Inventory:

Hand Weapons
 a - a +0 long sword
 n - a +6 eveningstar of protection (weapon)
Missiles
 f - 6 poisoned darts (quivered)
Armour
 b - a +0 scale mail
 c - a +0 buckler (worn)
 g - a +0 plate armour (worn)
 l - the +0 hat of Truth (worn) {rPois Slay+5}
   (You acquired it on level 2 of the Dungeon)

   Slay:      It affects your accuracy & damage with ranged weapons and melee
   (+5).
   rPois:     It protects you from poison.
Wands
 u - a wand of mindburst (2)
Scrolls
 h - 5 scrolls of amnesia {unknown}
 o - a scroll of poison {unknown}
 p - a scroll of immolation {unknown}
 r - a scroll of identify {unknown}
 s - a scroll of summoning {unknown}
 t - a scroll of fear {unknown}
Potions
 d - a potion of might
 e - a potion of ambrosia {unknown}
 i - a potion of magic {unknown}
 j - 3 potions of brilliance {unknown}
 k - 3 potions of curing {unknown}
 m - 2 potions of attraction {unknown}
 q - a potion of haste {unknown}
 w - a potion of flight {unknown}
Miscellaneous
 v - a lightning rod (4/4)


   Skills:
 + Level 4.7 Fighting
 - Level 3.3 Long Blades
 - Level 0.5 Maces & Flails
 - Level 4.3 Armour
 - Level 0.2 Dodging
 - Level 4.2 Shields


You had 3 spell levels left.
You didn't know any spells.
Your spell library contained the following spells:

 Spells                   Type           Power      Damage    Failure   Level
 Freeze                   Ice            0%         1d3       100%        1
 Static Discharge         Conj/Air       0%         3-3/arc   100%        2
 Confusing Touch          Hex            0%         N/A       100%        3
 Lesser Beckoning         Tloc           0%         N/A       100%        3
 Ozocubu's Armour         Ice            0%         N/A       100%        3
 Lightning Bolt           Conj/Air       0%         1d11      100%        5
 Manifold Assault         Tloc           0%         N/A       100%        5
 Metabolic Englaciation   Hex/Ice        0%         N/A       100%        5
 Yara's Violent Unravell  Hex/Tmut       0%         3d3       100%        5
 Simulacrum               Ice/Necr       0%         N/A       100%        6
 Enfeeble                 Hex            0%         N/A       100%        7
 Disjunction              Tloc           0%         N/A       100%        8
 Maxwell's Capacitive Co  Air            0%         ∞         100%        8


Dungeon Overview and Level Annotations

Branches:
Dungeon (4/15)
 Temple: D:4-7

Altars:
Kikubaaqudgha

Shops:
D:2 (

Annotations:
D:4 Pikel


Innate Abilities, Weirdness & Mutations

You have a pair of horns on your head.
You reflexively headbutt those who attack you in melee.


Message History

Pikel is moderately wounded.
Pikel hits you with a +0 whip of flaming.
Pikel burns you. The lemure hits you.
You impale Pikel!!
Pikel is severely wounded.
You block the lemure's attack.
Pikel hits you with a +0 whip of flaming.
Pikel burns you. The lemure hits you.
Pikel hits you with a +0 whip of flaming.
Pikel burns you.
You hit Pikel but do no damage. Your headbutt misses Pikel.
Pikel is severely wounded.
Pikel closely misses you.
You sock Pikel!
Pikel is almost dead.
You block Pikel's attack. The lemure closely misses you. The lemure hits you.
You block the lemure's attack.
Pikel hits you with a +0 whip of flaming.
Pikel burns you. The lemure hits you.
* * * LOW HITPOINT WARNING * * *
You barely miss Pikel. Your headbutt misses Pikel.
Pikel is almost dead.
You block the lemure's attack. The lemure hits you but does no damage.
Pikel hits you with a +0 whip of flaming.
* * * LOW HITPOINT WARNING * * *
Pikel burns you.
* * * LOW HITPOINT WARNING * * *
You completely miss Pikel.
Pikel is almost dead.
You block the lemure's attack. x2
Pikel hits you with a +0 whip of flaming.
* * * LOW HITPOINT WARNING * * *
Pikel burns you.
* * * LOW HITPOINT WARNING * * *
Pikel hits you with a +0 whip of flaming.
* * * LOW HITPOINT WARNING * * *
Pikel burns you.
* * * LOW HITPOINT WARNING * * *
The lemure hits you.
You die...

##......... ##
..........# #..
##........# #.#
#........# #
###..###.......## ..5
#......##.......##..#
#..#.........55.#
##@K5.....<.#
#55........#
#............#
..................
#...............##..
#..###............#
.# ...
###............ # ..
...###..###..


You could see Pikel and 3 lemures.

Vanquished Creatures
  A lemure (D:4)
  3 adders
  2 worms
  A dart slug (D:1)
  3 ball pythons
  5 endoplasms
  2 giant cockroaches (D:3)
  2 hobgoblins
  13 jackals
  A quokka (D:4)
  6 bats
  A frilled lizard (D:1)
  3 goblins
  5 kobolds
  4 rats
52 creatures vanquished.

Notes
Turn   | Place    | Note
-------+----------+-------------------------------------------
     0 | D:1      | GigaChad the Minotaur Fighter began the quest for the Orb.
     0 | D:1      | Reached XP level 1. HP: 19/19 MP: 0/0
   339 | D:1      | Reached XP level 2. HP: 27/27 MP: 1/1
   801 | D:2      | Reached XP level 3. HP: 33/33 MP: 2/2
   818 | D:2      | Found Tucixim's Weapon Shop.
   913 | D:2      | Identified a scroll of acquirement
   913 | D:2      | Acquired the +0 hat of Truth {rPois Slay+5}
   953 | D:2      | Acquired 925 gold pieces
   993 | D:2      | Bought a +6 eveningstar of protection for 500 gold pieces
  1233 | D:3      | Got the Excursus on Quantum Ice
  1337 | D:3      | Reached XP level 4. HP: 36/40 MP: 3/3
  1761 | D:3      | Found an ancient bone altar of Kikubaaqudgha.
  1864 | D:3      | Found a faded altar of an unknown god.
  1946 | D:4      | Noticed Pikel
  1946 | D:4      | Noticed a lemure
  1946 | D:4      | Noticed a lemure
  1946 | D:4      | Noticed a lemure
  1946 | D:4      | Noticed a lemure
  1959 | D:4      | Killed a lemure
  1966 | D:4      | HP: 2/41 [Pikel/+0 whip of flaming (2)]
  1966 | D:4      | Slain by a lemure

Illustrated notes

Levels and vault maps discovered:
D:1:      eino_arrival_cavern_c, layout_basic
D:2:      layout_basic, serial_shops, nicolae_shop_bloodbath_and_beyond
D:3:      layout_basic, lemuel_tele_altar, mainiacjoe_overflow_alcove_4,
          hellmonk_ecumenical_altar_lost_god
D:4:      layout_cave_pools, old_standard_altar, cheibrodos_sewer_entry_sluice,
          uniq_pikel, uniq_natasha

Skill      XL: |  1  2  3 |
---------------+----------+-----
Shields        | 4 |  4.2
Armour         | 4 |  4.3
Long Blades    | 3 |  3.3
Fighting       | 4 |  4.7
Maces & Flails | |  0.5
Dodging        | |  0.2

Action                   |  1- 3 |  4- 6 || total
-------------------------+-------+-------++-------
Melee: Long sword        |    67 |       ||    67
       Headbutt          |     9 |     4 ||    13
       Eveningstar       |    21 |    25 ||    46
  Use: Scroll            |     4 |       ||     4
Armor: Scale mail        |    10 |       ||    10
       Plate armour      |    93 |    25 ||   118
Dodge: Dodged            |    43 |     6 ||    49
Block: Buckler           |    22 |    11 ||    33
